 Dungeon Crawl Stone Soup version 0.18-b1-22-ge198996 (webtiles) character file.

72 Wooh the Shooter (level 4, -3/30 HPs)
             Began as a High Elf Hunter on May 3, 2016.
             Was an Initiate of Dithmenos.
             Slain by a gnoll
             ... wielding a +0 spear
              (7 damage)
             ... on level 2 of the Dungeon.
             The game lasted 00:04:01 (1862 turns).

Wooh the Shooter (High Elf Hunter)                  Turns: 1862, Time: 00:04:02

Health: -3/30      AC:  3    Str: 11    XL:     4   Next: 6%
Magic:  5/5        EV: 12    Int: 15    God:    Dithmenos [......]
Gold:   56         SH:  0    Dex: 16    Spells: 0 memorised, 3 levels left

rFire  . . .     SeeInvis .     a - +1 shortbow
rCold  . . .     Gourm    .     c - +0 leather armour
rNeg   . . .     Faith    .     (shield currently unavailable)
rPois  .         Spirit   .     (no helmet)
rElec  .         Dismiss  .     (no cloak)
rCorr  .         Reflect  .     (no gloves)
SustAt .         Harm     .     (no boots)
MR     .....                    (no amulet)
Stlth  ++........               (no ring)
                                (no ring)

@: not resistant to hostile enchantments, unstealthy
A: no striking features
a: Renounce Religion


You were on level 2 of the Dungeon.
You worshipped Dithmenos.
Dithmenos was noncommittal.
You were not hungry.

You visited 1 branch of the dungeon, and saw 2 of its levels.

You collected 56 gold pieces.

Inventory:

Hand Weapons
 a - a +1 shortbow (weapon)
 b - a +0 short sword
Missiles
 d - an arrow (quivered)
Armour
 c - a +0 leather armour (worn)
Jewellery
 e - an uncursed ring of ice
Scrolls
 g - a scroll of enchant armour {unknown}
 i - a scroll of enchant weapon {unknown}
 l - a scroll of teleportation {unknown}
Potions
 h - 2 potions of degeneration {unknown}
 k - a potion of might {unknown}
Comestibles
 f - 2 bread rations
 j - a chunk of flesh


   Skills:
 + Level 2.9 Fighting
 + Level 5.9 Bows
 - Level 2.1 Dodging
 + Level 3.2 Stealth


You had 3 spell levels left.
You didn't know any spells.

Dungeon Overview and Level Annotations

Branches:
Dungeon (2/15)

Altars:
Dithmenos


Message History

Press: ? - help, Shift-Dir - straight line, f/p - gnoll
Aim: a gnoll, wielding a spear (heavily wounded)
You shoot an arrow.
The arrow hits the gnoll but does no damage.
The gnoll is heavily wounded.
You hear a shout!
The gnoll hits you from afar with a spear!
* * * LOW HITPOINT WARNING * * *
You hear a shout!
Firing (i - inventory):
d - 3 arrows (quivered)
Press: ? - help, Shift-Dir - straight line, f/p - gnoll
Aim: a gnoll, wielding a spear (heavily wounded)
You shoot an arrow. The arrow completely misses the gnoll.
The gnoll closely misses you.
Firing (i - inventory):
d - 2 arrows (quivered)
Press: ? - help, Shift-Dir - straight line, f/p - gnoll
Aim: a gnoll, wielding a spear (heavily wounded)
You shoot an arrow. The arrow barely misses the gnoll.
The gnoll hits you from afar with a spear!
You die...

.##.####..#.###8.
....#.##..#..##..
#.###.....#..#>.. #.#
#........## #.###........#
.............#
#.###........############# ..#
#..............).....##### .##
#...........@.g....(....... ##
#....>......##.g...........
#########.......####()...#. ...
..........#..............# ....
....(######......#g.(††..#.....
...... .........(†.(..........
...... ..........#........<...
....#. .#####(##...†....(.....
...... #.###..(..........


You could see 2 gnolls.

Vanquished Creatures
  A gnoll (D:2)
  2 adders (D:2)
  3 dart slugs (D:1)
  A giant gecko (D:2)
  3 giant cockroaches
  2 hobgoblins
  6 kobolds
  A quokka (D:2)
  6 bats
  3 giant newts
  5 goblins
  5 rats
38 creatures vanquished.

Notes
Turn   | Place    | Note
--------------------------------------------------------------
     0 | D:1      | Wooh the High Elf Hunter began the quest for the Orb.
     0 | D:1      | Reached XP level 1. HP: 14/14 MP: 2/2
   536 | D:1      | Reached XP level 2. HP: 17/19 MP: 3/3
  1352 | D:2      | Found a faded altar to an unknown god.
  1355 | D:2      | Found a shadowy altar of Dithmenos.
  1362 | D:2      | Reached XP level 3. HP: 19/25 MP: 4/4
  1367 | D:2      | Became a worshipper of Dithmenos the Shadowed
  1855 | D:2      | Reached XP level 4. HP: 19/30 MP: 5/5
  1862 | D:2      | Slain by a gnoll

Skill      XL: |  1  2  3 |
---------------+----------+-----
Stealth        | 2 3 |  3.2
Fighting       | |  2.9
Bows           | |  5.9
Dodging        | |  2.1

Action                   |  1- 3 |  4- 6 || total
-------------------------+-------+-------++-------
Melee: Short sword       |   124 |       ||   124
 Fire: Shortbow          |    17 |     5 ||    22
 Stab: Distracted        |     1 |       ||     1
  Eat: Chunk             |     3 |       ||     3
Armor: Leather armour    |    32 |       ||    32
Dodge: Dodged            |   112 |     2 ||   114
